 Dungeon Crawl Stone Soup version 0.23-a0-402-g64599a10a2 (webtiles) character file.

90 Aelund the Skirmisher (level 4, -9/41 HPs)
             Began as a Minotaur Fighter on Nov 4, 2018.
             Mangled by a gnoll
             ... wielding a +0 flail
              (11 damage)
             ... on level 2 of the Dungeon.
             The game lasted 00:05:03 (1466 turns).

Aelund the Skirmisher (Minotaur Fighter)            Turns: 1466, Time: 00:05:04

Health: -9/41      AC:  6    Str: 26    XL:     4   Next: 32%
Magic:  3/3        EV:  7    Int:  5    God:
Gold:   141        SH: 10    Dex: 10    Spells: 3/3 levels left

rFire    . . .     SeeInvis .   a - +0 war axe
rCold    . . .     Gourm    .   c - +0 shield
rNeg     . . .     Faith    .   b - +0 scale mail
rPois    .         Spirit   .   (helmet restricted)
rElec    .         Reflect  .   (no cloak)
rCorr    .         Harm     .   (no gloves)
MR       .....                  (no boots)
Stlth    ..........             (no amulet)
HPRegen  0.13/turn              (no ring)
MPRegen  0.08/turn              (no ring)

@: mighty
A: retaliatory headbutt, horns 2
a: no special abilities


You were on level 2 of the Dungeon.
You were not hungry.

You visited 1 branch of the dungeon, and saw 3 of its levels.

You collected 141 gold pieces.

Inventory:

Hand Weapons
 a - a +0 war axe (weapon)
Armour
 b - a +0 scale mail (worn)
 c - a +0 shield (worn)
Scrolls
 e - a scroll of fog {unknown}
 h - 5 scrolls of identify {unknown}
 j - 2 scrolls of random uselessness {unknown}
 k - a scroll of teleportation {unknown}
 m - a scroll of remove curse {unknown}
Potions
 i - a potion of haste {unknown}
 l - a potion of mutation {unknown}
Comestibles
 f - 3 rations
 g - a chunk of flesh


   Skills:
 + Level 4.4 Fighting
 * Level 4.3 Axes
 - Level 3.6 Armour
 + Level 4.4 Shields


You had 3 spell levels left.
You didn't know any spells.
Your spell library was empty.

Dungeon Overview and Level Annotations

Branches:
Dungeon (3/15)

Altars:


Innate Abilities, Weirdness & Mutations

You reflexively headbutt those who attack you in melee.
You have a pair of horns on your head.


Message History

You slice the gnoll!!
You kill the gnoll!
You start resting.
Eating one of 2 chunks of flesh.
You eat one of the 2 chunks of flesh.
This raw flesh tastes terrible.
The gnoll is too close now for your liking.
You slash the gnoll! You headbutt the gnoll.
The gnoll is almost dead.
The gnoll hits you with a +0 flail!
* * * LOW HITPOINT WARNING * * *
You barely miss the gnoll.
The gnoll is almost dead.
The gnoll hits you with a +0 flail.
* * * LOW HITPOINT WARNING * * *
You closely miss the gnoll.
The gnoll is almost dead.
You block the gnoll's attack.
You closely miss the gnoll. Your headbutt misses the gnoll.
The gnoll is almost dead.
The gnoll hits you with a +0 flail!
You die...

# #. .#
#.##############.##
##.............#...#
#............#.#...####
#.#........#)#.#...#...
#.#..##.......##.#..%
.. #.g##...>......'...
# #.@##.##.#..#.##...
#.....).<#.....####
#.##.#.#.......##.. #.
....#.....#'##..
######..).#.).....g
####+#.#......
........#÷.....
..(.....#÷.....
........#....##


You could see a gnoll.

Vanquished Creatures
  3 gnolls (D:2)
  An adder (D:2)
  2 dart slugs
  A worm (D:2)
  3 leopard geckos
  2 giant cockroaches (D:1)
  5 goblins
  5 hobgoblins
  4 kobolds
  A ball python (D:2)
  9 bats
  2 frilled lizards (D:2)
  6 rats
44 creatures vanquished.

Notes
Turn   | Place    | Note
-------+----------+-------------------------------------------
     0 | D:1      | Aelund the Minotaur Fighter began the quest for the Orb.
     0 | D:1      | Reached XP level 1. HP: 19/19 MP: 0/0
   267 | D:1      | Reached XP level 2. HP: 27/27 MP: 1/1
   629 | D:2      | Reached XP level 3. HP: 29/33 MP: 2/2
   988 | D:2      | You fall through a shaft!
  1011 | D:3      | Noticed a centaur
  1371 | D:2      | Reached XP level 4. HP: 5/40 MP: 3/3
  1463 | D:2      | HP: 2/41 [gnoll/+0 flail (8)]
  1466 | D:2      | Mangled by a gnoll

Vault maps used:
D:1:      dpeg_arrival_renting
D:3:      first_ration, nemelex_dance_club_becter

Skill      XL: |  1  2  3 |
---------------+----------+-----
Axes           | 3 4 |  4.3
Fighting       | 4 |  4.4
Shields        | 4 |  4.4
Armour         | |  3.6

Action                   |  1- 3 |  4- 6 || total
-------------------------+-------+-------++-------
Melee: War axe           |    94 |     9 ||   103
       Headbutt          |     9 |     1 ||    10
  Use: Potion            |       |     1 ||     1
  Eat: Chunk             |     1 |     1 ||     2
Armor: Scale mail        |    51 |     1 ||    52
Dodge: Dodged            |    33 |     3 ||    36
Block: Shield            |    74 |     3 ||    77

Table legend:
 A = Non-vault XP
 B = Vault XP
 C = Vault XP percentage of total XP
 D = Non-vault monster count
 E = Vault monster count
 F = Vault count percentage of total count
                 A         B        C        D         E       F
            +---------+---------+-------+---------+---------+-------
      Total |     129 |       0 |   0.0 |      44 |       0 |   0.0
            +---------+---------+-------+---------+---------+-------
        D:1 |      31 |       0 |   0.0 |      16 |       0 |   0.0
        D:2 |      98 |       0 |   0.0 |      28 |       0 |   0.0
            +---------+---------+-------+---------+---------+-------
